 Dungeon Crawl Stone Soup version 0.25.0-3-gd7cc5688da (webtiles) character file.

Game seed: 3809309073209232225

595 nikku the Conjurer (level 7, -4/41 HPs)
             Began as a Deep Elf Conjurer on June 15, 2020.
             Shot with an arrow by a centaur (14 damage)
             ... on level 5 of the Dungeon.
             The game lasted 00:15:00 (4011 turns).

nikku the Conjurer (Deep Elf Conjurer)              Turns: 4011, Time: 00:15:01

Health: -4/41      AC:  5    Str:  5    XL:     7   Next: 16%
Magic:  8/17       EV: 13    Int: 22    God:
Gold:   355        SH:  0    Dex: 15    Spells: 6/17 levels left

rFire    . . .     SeeInvis .   d - +2 short sword (vamp)
rCold    . . .     Gourm    .   (no shield)
rNeg     . . .     Faith    .   a - +0 robe
rPois    .         Spirit   .   (no helmet)
rElec    .         Reflect  .   (no cloak)
rCorr    .         Harm     .   f - +1 pair of gloves
MR       .....                  j - +0 pair of boots
Stlth    ++........             (no amulet)
HPRegen  0.13/turn              (no ring)
MPRegen  0.15/turn              (no ring)

@: no status effects
A: no striking features
a: no special abilities


You were on level 5 of the Dungeon.
You were not hungry.

You visited 1 branch of the dungeon, and saw 5 of its levels.

You collected 355 gold pieces.

Inventory:

Hand Weapons
 d - a +2 vampiric short sword (weapon)
Missiles
 l - 10 poisoned darts (quivered)
 r - 2 atropa-tipped darts
Armour
 a - a +0 robe (worn)
 f - a +1 pair of gloves (worn)
 j - a +0 pair of boots (worn)
Jewellery
 o - an uncursed ring of stealth {unknown}
 t - an uncursed amulet of faith {unknown}
Scrolls
 b - 3 scrolls of teleportation
 e - a scroll of identify
 h - a scroll of remove curse
 s - a scroll of amnesia
Potions
 g - 3 potions of heal wounds
 i - a potion of degeneration {unknown}
 k - a potion of magic
 m - a potion of brilliance {unknown}
 n - a potion of resistance {unknown}
 p - a potion of flight {unknown}
 q - a potion of lignification {unknown}
Comestibles
 c - 9 rations
 u - a chunk of flesh


   Skills:
 + Level 3.0 Fighting
 - Level 2.4 Dodging
 - Level 2.4 Stealth
 + Level 5.8 Spellcasting
 + Level 6.1 Conjurations
 + Level 3.2 Hexes
 + Level 2.6 Translocations


You had 6 spell levels left.
You knew the following spells:

 Your Spells              Type           Power        Failure   Level  Hunger
a - Magic Dart            Conj           ####         1%          1    None
b - Searing Ray           Conj           ####..       1%          2    None
c - Iskenderun's Mystic   Conj/Tloc      ####....     16%         4    ####...
d - Fulminant Prism       Conj/Hex       ####......   14%         4    ####...

Your spell library contained the following spells:

 Spells                   Type           Power        Failure   Level  Hunger
 Dazzling Flash           Conj/Hex       ####..       4%          3    ##.....


Dungeon Overview and Level Annotations

Branches:
Dungeon (5/15)
 Temple: D:4-7

Altars:
Gozag
Zin

Annotations:
D:3 exclusion: downstairs
D:4 Edmund


Message History

Your Conjurations skill increases to level 6!
Your Hexes skill increases to level 3!
You have reached level 7!
You finish channeling your searing ray.
The centaur shoots an arrow.
The arrow hits you.
Casting: Searing Ray (safe; 1% risk of failure)
Confirm with . or Enter, or press ? or * to list all spells.
Aiming: Searing Ray (safe; 1% risk of failure)
Press: ? - help, Shift-Dir - straight line, f - centaur
Aim: a centaur, wielding a +0 shortbow and quivering 6 arrows (lightly wounded)
The searing ray hits the centaur!
The centaur is severely wounded. (Press . to maintain the ray.)
The centaur shoots an arrow.
The arrow hits you!
* * * LOW HITPOINT WARNING * * *
A crimson imp comes into view.
The searing ray hits the centaur!
The centaur is almost dead.
The centaur shoots an arrow.
The arrow hits you!
You die...

.............§§
#.....#.......
##5...(##
##.......##
#.........#
#.....c...#
..###......(..#
#...#.........#
#..>.......@..#
####......÷...#
##.........#
#.........#
#.........#
#..>......#
##<.)....##
##.....##
#######


You could see a centaur and a crimson imp.

Vanquished Creatures
  A hungry ghost (D:5)
  2 ogres
  2 orc wizards (D:3)
  An orc priest (D:3)
  A worker ant (D:4)
  3 gnolls (D:2)
  6 adders
  A worm (D:3)
  A dart slug (D:2)
  7 leopard geckos
  6 orcs
  10 bats
  2 giant cockroaches
  8 goblins
  7 hobgoblins
  4 jackals (D:1)
  A ball python (D:4)
  A ball python skeleton (D:4)
  6 frilled lizards
  13 kobolds
  2 quokka skeletons
  13 rats
98 creatures vanquished.

Notes
Turn   | Place    | Note
-------+----------+-------------------------------------------
     0 | D:1      | nikku the Deep Elf Conjurer began the quest for the Orb.
     0 | D:1      | Reached XP level 1. HP: 10/10 MP: 6/6
   174 | D:1      | Reached XP level 2. HP: 16/16 MP: 2/8
   582 | D:1      | Reached skill level 1 in Fighting
   641 | D:1      | Learned a level 2 spell: Searing Ray
   699 | D:1      | Reached XP level 3. HP: 20/20 MP: 6/10
  1310 | D:2      | Reached skill level 5 in Conjurations
  1573 | D:2      | Found a faded altar of an unknown god.
  1627 | D:2      | Reached XP level 4. HP: 25/25 MP: 6/12
  1798 | D:2      | Learned a level 4 spell: Iskenderun's Mystic Blast
  1803 | D:2      | Learned a level 4 spell: Fulminant Prism
  2540 | D:3      | Reached skill level 1 in Hexes
  2540 | D:3      | Reached XP level 5. HP: 30/30 MP: 8/14
  2548 | D:3      | Reached skill level 1 in Translocations
  2655 | D:3      | Reached skill level 5 in Spellcasting
  2767 | D:3      | Found an opulent altar of Gozag.
  3114 | D:3      | Noticed an ogre
  3118 | D:3      | Killed an ogre
  3118 | D:3      | Reached XP level 6. HP: 36/36 MP: 10/15
  3426 | D:3      | Learned a level 4 spell: Fulminant Prism
  3578 | D:4      | Noticed Edmund
  3728 | D:4      | Found a glowing silver altar of Zin.
  3926 | D:5      | Entered Level 5 of the Dungeon
  3996 | D:5      | Noticed a hungry ghost
  4009 | D:5      | Killed a hungry ghost
  4009 | D:5      | Reached skill level 6 in Conjurations
  4009 | D:5      | Reached XP level 7. HP: 27/41 MP: 11/17
  4011 | D:5      | Shot with an arrow by a centaur

Illustrated notes

Levels and vault maps discovered:
D:1:      tarquinn_simple_flora_water_e, layout_basic, dk_noncrumbling_3,
          chequers_serial_rivers_micro_b, minmay_pentomino_o4
D:2:      layout_basic, chequers_ecumenical_altar_simple_redux
D:3:      layout_rooms, grunt_gozag_breadcrumbs
D:4:      layout_basic, nicolae_overflow_hidden_temple,
          gammafunk_temple_overflow_statue, first_ration, kennysheep_donut,
          uniq_edmund, uniq_grinder
D:5:      layout_rooms, nicolae_qazlal_general_emergency, minivault_11

Skill      XL: |  1  2  3  4  5  6 |
---------------+-------------------+-----
Fighting       | 1 2 3 |  3.0
Spellcasting   | 4 5 |  5.8
Conjurations   | 5 6 |  6.1
Hexes          | 1 2 3 |  3.2
Translocations | 1 2 |  2.6
Dodging        | |  2.4
Stealth        | |  2.4

Action                   |  1- 3 |  4- 6 |  7- 9 || total
-------------------------+-------+-------+-------++-------
Melee: Short sword       |       |    13 |       ||    13
 Cast: Magic Dart        |    71 |   114 |       ||   185
       Searing Ray       |     1 |    11 |     1 ||    13
  Use: Scroll            |     6 |     4 |       ||    10
  Eat: Chunk             |     2 |     7 |       ||     9
Armor: Robe              |     1 |     3 |       ||     4
       Skin              |       |     9 |       ||     9
Dodge: Dodged            |     1 |    29 |       ||    30
